 Dungeon Crawl Stone Soup version 0.17.0-9-g801d43b (console) character file.

58 Kloppie the Skirmisher (level 3, -5/29 HPs)
             Began as a Demonspawn Fighter on Nov 10, 2015.
             Slain by P0WERM0DE's ghost (19 damage)
             ... on level 4 of the Dungeon.
             The game lasted 00:03:00 (1786 turns).

Kloppie the Skirmisher (Demonspawn Fighter)         Turns: 1786, Time: 00:03:00

Health: -5/29      AC:  9    Str: 17    XL:     3   Next: 75%
Magic:  3/3        EV:  6    Int:  9    God:
Gold:   127        SH:  8    Dex: 12    Spells: 0 memorised, 2 levels left

rFire  . . .     SeeInvis .     a - +0 war axe
rCold  . . .     Clarity  .     b - +0 scale mail
rNeg   . . .     SustAt   .     c - +0 shield
rPois  .         Gourm    .     (helmet restricted)
rElec  .         Spirit   .     p - +0 cloak
rCorr  .         Warding  .     (no gloves)
rMut   .         Stasis   .     m - +0 pair of boots
MR     .....                    (no amulet)
Stlth  ..........               (no ring)
                                (no ring)

@: not resistant to hostile enchantments, extremely unstealthy
A: antennae 1
a: no special abilities


You were on level 4 of the Dungeon.
You were not hungry.

You visited 1 branch of the dungeon, and saw 4 of its levels.

You collected 127 gold pieces.

Inventory:

Hand Weapons
 a - a +0 war axe (weapon)
Missiles
 u - 15 poisoned needles
Armour
 b - a +0 scale mail (worn)
 c - a +0 shield (worn)
 m - a +0 pair of boots (worn)
 p - a +0 cloak (worn)
 r - a +0 chain mail
Wands
 d - a wand of flame (26)
Scrolls
 g - 2 scrolls of identify {unknown}
 i - a scroll of fear {unknown}
 l - a scroll of enchant weapon {unknown}
 q - a scroll of magic mapping {unknown}
Potions
 h - 2 potions of degeneration {unknown}
 o - a potion of heal wounds {unknown}
Books
 t - a book of Enchantments

   Spells                             Type                      Level
   a - Cause Fear                     Hexes                        4
   b - Silence                        Hexes/Air                    5
   c - Deflect Missiles               Charms/Air                   6
   d - Haste                          Charms                       6
   e - Discord                        Hexes                        8
Comestibles
 e - 4 bread rations
 f - a slice of pizza
 j - a meat ration
 k - 4 fruits
 n - a royal jelly


   Skills:
 + Level 3.6 Fighting
 + Level 2.6 Axes
 + Level 3.3 Armour
 - Level 2.6 Shields


You had 2 spell levels left.
You didn't know any spells.

Dungeon Overview and Level Annotations

Branches:
Dungeon (4/15)
 Temple: D:4-7

Altars:
Kikubaaqudgha
Nemelex Xobeh
Zin

Annotations:
D:3 Grinder
D:4 P0WERM0DE's ghost, novice HEAs


Innate Abilities, Weirdness & Mutations

You have a pair of small antennae on your head.


Message History

You kill the giant cockroach!
No target in view!
You now have 127 gold pieces (gained 7).
You hear the brisk rusting of a very distant drain.
You see here 3 javelins.
Found a ring mail.
P0WERM0DE's ghost (novice High Elf Assassin) comes into view.
It is wielding a weapon of electrocution.
P0WERM0DE's ghost turns its malevolent gaze towards you.
You hear the brisk rusting of a drain nearby.
P0WERM0DE's ghost closely misses you.
You closely miss P0WERM0DE's ghost.
P0WERM0DE's ghost hits you but does no damage.
You are electrocuted!
Ouch! That really hurt!
* * * LOW HITPOINT WARNING * * *
You miss P0WERM0DE's ghost.
P0WERM0DE's ghost hits you but does no damage.
You are electrocuted!
Ouch! That really hurt!
You die...

#...######.......##
##..## ###....##
#..## #....# #..##
#....# #...###
##....# ###...###
##.)...#
###...###......#
##...........##
##).W@.......## ###
#...######....####..#
##..## ###.>......#
##.### ##......# #.##
##....## #..## ##...#
#.... #...# #...#
##..# #... #...#


You could see P0WERM0DE's ghost.

Vanquished Creatures
  Crazy Yiuf (D:2)
  A giant gecko (D:1)
  An orc (D:3)
  2 bats (D:1)
  4 giant cockroaches
  4 hobgoblins
  A ball python (D:2)
  3 giant newts
  5 goblins
  3 kobolds (D:1)
  5 rats
30 creatures vanquished.

Notes
Turn   | Place    | Note
--------------------------------------------------------------
     0 | D:1      | Kloppie the Demonspawn Fighter began the quest for the Orb.
     0 | D:1      | Reached XP level 1. HP: 18/18 MP: 1/1
   224 | D:1      | Gained mutation: You have a pair of small antennae on your head. [demonic ancestry]
   224 | D:1      | Reached XP level 2. HP: 18/24 MP: 2/2
   968 | D:2      | Found a glowing silver altar of Zin.
  1086 | D:2      | Found a sparkling altar of Nemelex Xobeh.
  1173 | D:2      | Noticed Crazy Yiuf
  1179 | D:2      | Killed Crazy Yiuf
  1179 | D:2      | Reached XP level 3. HP: 6/29 MP: 3/3
  1231 | D:2      | Found an ancient bone altar of Kikubaaqudgha.
  1412 | D:3      | Noticed Grinder
  1772 | D:4      | Noticed P0WERM0DE's ghost (novice HEAs)
  1786 | D:4      | Slain by P0WERM0DE's ghost

Action                   || total
-------------------------++-------
Melee: War axe           ||    82
  Use: Potion            ||     1
  Eat: Chunk             ||     3
